 Dungeon Crawl Stone Soup version 0.27.1 (webtiles) character file.

Game seed: 1527294959940364023

403 sanka the Distorting Palentonga (level 6, -8/50 HPs)
             Began as a Palentonga Abyssal Knight on Aug 22, 2021.
             Was a Believer of Lugonu.
             Mangled by Pikel (11 damage)
             ... on level 4 of the Dungeon.
             The game lasted 00:03:45 (3206 turns).

sanka the Distorting Palentonga (PaAK)              Turns: 3206, Time: 00:03:45

Health: -8/50      AC:  4    Str: 17    XL:     6   Next: 55%
Magic:  11/11      EV:  9    Int: 13    God:    Lugonu [**....]
Gold:   92         SH:  0    Dex:  9    Spells: 5/5 levels left

rFire    . . .     SeeInvis +   f - +2 short sword (elec)
rCold    . . .     Faith    .   (no shield)
rNeg     . . .     Spirit   .   b - +0 leather armour
rPois    .         Reflect  .   (no helmet)
rElec    .         Harm     .   (no cloak)
rCorr    .         Rampage  .   (no gloves)
Will     .....                  (no barding)
Stlth    +.........             (no amulet)
HPRegen  0.16/turn              (no ring)
MPRegen  0.12/turn              (no ring)

@: no status effects
A: large, rugged brown scales 3, see invisible, deformed body, roll 1, armoured
tail
a: Rolling Charge, Renounce Religion, Depart the Abyss, Bend Space


You were on level 4 of the Dungeon.
You worshipped Lugonu.
Lugonu was pleased with you.
You visited 1 branch of the dungeon, and saw 4 of its levels.
You visited the Abyss 1 time.

You collected 92 gold pieces.


Innate Abilities, Weirdness & Mutations

You are completely covered in rugged brown scales. (AC +3, +7% HP)
You have supernaturally acute eyesight. (SInv)
Armour fits poorly on your strangely shaped body.
You can roll at nearby foes to attack.
You have a long armoured tail.


   Skills:
 - Level 3.0 Fighting
 - Level 2.0 Axes
 - Level 1.5 Armour
 - Level 0.7 Dodging
 + Level 7.7 Invocations


You had 5 spell levels left.
You didn't know any spells.
Your spell library was empty.

Inventory:

Hand Weapons
 a - a +1 hand axe
 f - a +2 short sword of electrocution (weapon)
Missiles
 v - 4 curare-tipped darts {=f}
Armour
 b - a +0 leather armour (worn)
Scrolls
 g - 3 scrolls of immolation {unknown}
 i - a scroll of brand weapon {unknown}
 l - 2 scrolls of noise {unknown}
 m - a scroll of fear {unknown}
 n - 2 scrolls of identify {unknown}
 r - 2 scrolls of teleportation {unknown}
 t - a scroll of vulnerability {unknown}
 u - a scroll of fog {unknown}
Potions
 c - 2 potions of curing {unknown}
 d - a potion of ambrosia {unknown}
 e - 2 potions of attraction {unknown}
 h - a potion of mutation {unknown}
 j - a potion of flight {unknown}
 k - 2 potions of haste {unknown}
 o - a potion of invisibility {unknown}
 p - 2 potions of magic {unknown}
 q - a potion of might {unknown}
 s - 2 potions of berserk rage {unknown}

Dungeon Overview and Level Annotations

Branches:
Dungeon (4/15)             Temple (0/1) D:4

Altars:
Vehumet

Annotations:
D:3 exclusion: statue
D:4 Pikel

▒ ▒..▒.▒▒.▒
▒▒....▒▒.▒
......▒▒.▒
▒▒▒...▒▒▒.▒
▒..▒ ▒.▒
▒..▒▒▒▒.▒
▒.......▒
▒▒.▒▒▒▒▒▒
▒H▒▒▒ ▒K▒.▒
555▒ ▒▒.▒▒
▒..▒ ▒..▒.▒
........▒
▒▒K..▒▒▒▒
5....


You could see Pikel and 3 lemures.


Message History

Pikel hits you with a +0 whip of freezing.
Pikel freezes you.
You hit Pikel. Lightning courses through Pikel!
Pikel is almost dead.
Pikel hits you with a +0 whip of freezing!
Pikel freezes you.
* * * LOW HITPOINT WARNING * * *
You barely miss Pikel.
Pikel is almost dead.
Pikel hits you with a +0 whip of freezing.
* * * LOW HITPOINT WARNING * * *
Pikel freezes you.
* * * LOW HITPOINT WARNING * * *
You hit Pikel but do no damage. You tail-slap Pikel.
Pikel is almost dead.
Pikel hits you with a +0 whip of freezing!
* * * LOW HITPOINT WARNING * * *
Pikel freezes you.
* * * LOW HITPOINT WARNING * * *
Pikel says, "Word to the wise: Murray's a real chatterbox."
Pikel hits you with a +0 whip of freezing.
* * * LOW HITPOINT WARNING * * *
Pikel freezes you.
* * * LOW HITPOINT WARNING * * *
You barely miss Pikel.
Pikel is almost dead.
Pikel hits you with a +0 whip of freezing!
You die...

Action                   |  1- 3 |  4- 6 || total
-------------------------+-------+-------++-------
Melee: Hand axe          |    17 |       ||    17
       Short sword       |    85 |    63 ||   148
       Tailslap          |     5 |     4 ||     9
 Abil: Rolling Charge    |     1 |     1 ||     2
Armor: Leather armour    |    49 |    12 ||    61
Dodge: Dodged            |    47 |    24 ||    71

Levels and vault maps discovered:
D:1:      giann_forest_graveyard, layout_basic
D:2:      layout_loops_cross, hellmonk_ecumenical_altar_lost_god
D:3:      layout_basic, vehumet_statue, uniq_sigmund
D:4:      layout_loops_corners, minmay_temple_entry_water_ring,
          gup_sewer_entry_pipe, serial_park_tiny_pond, minmay_close_crescents,
          uniq_pikel

Notes
Turn   | Place    | Note
-------+----------+-------------------------------------------
     0 | Abyss:1  | sanka the Palentonga Abyssal Knight began the quest for the
                  | Orb.
     0 | Abyss:1  | Reached XP level 1. HP: 19/19 MP: 2/2
    74 | D:1      | Escaped the Abyss
   381 | D:1      | Reached XP level 2. HP: 25/25 MP: 4/4
   413 | D:1      | Reached skill level 3 in Invocations
  1178 | D:2      | Reached XP level 3. HP: 17/31 MP: 5/5
  1462 | D:2      | Reached ** piety under Lugonu
  1499 | D:2      | Found a faded altar of an unknown god.
  1511 | D:2      | Reached skill level 4 in Invocations
  2256 | D:3      | Reached XP level 4. HP: 35/37 MP: 7/7
  2450 | D:3      | Noticed Sigmund
  2458 | D:3      | Killed Sigmund
  2459 | D:3      | Reached skill level 6 in Invocations
  2459 | D:3      | Reached XP level 5. HP: 43/43 MP: 7/10
  2917 | D:3      | Found a radiant altar of Vehumet.
  2950 | D:3      | Noticed a charred statue
  2978 | D:4      | Noticed a steam dragon
  3050 | D:4      | Found a staircase to the Ecumenical Temple.
  3108 | D:4      | Reached skill level 7 in Invocations
  3108 | D:4      | Reached XP level 6. HP: 50/50 MP: 11/11
  3185 | D:4      | Noticed Pikel
  3205 | D:4      | HP: 5/50 [Pikel (4)]
  3206 | D:4      | Mangled by Pikel

Vanquished Creatures
  Sigmund (D:3)
  A necrophage (D:4)
  A scorpion (D:4)
  4 adders
  A dart slug (D:1)
  4 bats
  7 endoplasms
  3 giant cockroaches
  6 hobgoblins
  3 quokkas (D:3)
  7 ball pythons
  A frilled lizard (D:2)
  7 goblins
  12 kobolds
  7 rats
65 creatures vanquished.
